Get step-by-step instructions on how to execute this build order below. Start the game timer, and the build order will tick by so you can play in parallel with StarCraft on a second screen or mobile device.

Game Time

  0:00

Last Step

  N/A

Next Step

Upcoming Step



Don't want to look back and forth between 2 screens? Try out our Overwolf App, the Spawning Tool Build Advisor to get an in-game overlay with this build!

Complete Build Order

  12  0:09  Pylon  
  12  0:11  Probe  
  13  0:19  Probe  
  13  0:28  Probe  
  14  0:35  Gateway  
  15  0:40  Probe  
  16  0:53  Assimilator  
  16  0:55  Probe  
  18  1:14  Assimilator